 Dungeon Crawl Stone Soup version 0.31-a0-675-g238779eb0a (webtiles) character file.

Game seed: 4090448318246536749

130323 Conn the Destroyer (level 17, -14/92 HPs)
             Began as an Octopode Fire Elementalist on Sept 4, 2023.
             Was an Elder of Sif Muna.
             Killed from afar by Asterion (42 damage)
             ... with an orb of electricity
             ... on level 3 of the Snake Pit on Sept 5, 2023.
             The game lasted 02:36:23 (40207 turns).

Conn the Destroyer (Octopode Fire Elementalist)    Turns: 40207, Time: 02:36:24

Health: -14/92     AC:  3    Str: 12    XL:     17   Next: 7%
Magic:  9/42       EV: 17    Int: 24    God:    Sif Muna [****..]
Gold:   815        SH: 18    Dex: 14    Spells: 5/41 levels left

rFire   + . .        g - staff of the Briny Deep {rPois rF+ rCorr Int-5 Stlth+ Poison}
rCold   + + .        f - +3 buckler
rNeg    + . .        E - +2 hat
rPois   +            P - amulet "Mymuzy" {Reflect +Blink Str+4 SH+5}
rElec   .            c - +6 ring of intelligence
rCorr   +            o - ring of willpower
SInv    .            u - ring of positive energy
Will    ++...        K - ring of protection from cold
Stlth   +++++        Q - ring of magical power
HPRegen 0.35/turn    R - ring of protection from cold
MPRegen 0.28/turn    (no ring)
                     (no ring)

%: reflection
@: channelling, very slightly contaminated
A: almost no armour, amphibious, 8 rings, camouflage 1, gelatinous body 1,
(nimble swimmer 1), tentacles, large bone plates 1, frail 1
a: Renounce Religion, Evoke Blink, Channel Magic, Forget Spell, Divine Exegesis


You were on level 3 of the Snake Pit.
You worshipped Sif Muna.
Sif Muna was greatly pleased with you.
You visited 8 branches of the dungeon, and saw 27 of its levels.

You collected 2837 gold pieces.
You spent 2022 gold pieces at shops.

Inventory:

Hand Weapons
 e - the +6 sling "Itivukun" {freeze, rPois rN+ Dex+2}
   (You bought it in a shop on level 13 of the Dungeon)

   Dex+2:     It affects your dexterity (+2).
   rPois:     It protects you from poison rN+: It protects you from negative
   energy.
 v - the +3 shortbow of Geskag Setz {freeze, rPois Will++ Dex-2}
   (You found it on level 12 of the Dungeon)

   Dex-2:     It affects your dexterity (-2).
   rPois:     It protects you from poison Will++: It greatly increases your
   willpower.
 x - a +7 mace of protection
 C - the +3 flail of Abomination {heavy, Int+4 Dex+5}
   (You found it on level 12 of the Dungeon)

   Int+4:     It affects your intelligence (+4).
   Dex+5:     It affects your dexterity (+5).
 D - the +5 trident of the Rescuing Coward {heavy, Str+6}
   (You found it on level 9 of the Dungeon)

   Str+6:     It affects your strength (+6).
Missiles
 w - 12 curare-tipped darts (quivered)
Armour
 f - a +3 buckler (worn)
 E - a +2 hat (worn)
 L - a +0 kite shield of reflection
Magical Staves
 g - the staff of the Briny Deep (weapon) {rPois rF+ rCorr Int-5 Stlth+ Poison}
   (You found it on level 5 of the Lair of Beasts)

   [staff of poison]

   Base accuracy: +5 Base damage: 5 Base attack delay: 1.2 This weapon's minimum
   attack delay (0.6) is reached at skill level 12.
   Int-5:     It affects your intelligence (-5).
   rF+:       It protects you from fire.
   rPois:     It protects you from poison rCorr: It protects you from acid and
   corrosion.
   Stlth+:    It makes you more stealthy.
   Poison:    It increases the power of your Poison spells.
   It falls into the 'Staves' category.
   It is a one-tentacled weapon.
Jewellery
 c - a +6 ring of intelligence (left tentacle)
 i - an amulet of the acrobat
 o - a ring of willpower (right tentacle)
 q - the ring "Kioklym" {Ice rPois rN++ Will- Slay+6}
   (You bought it in a shop on level 2 of the Orcish Mines)

   [ring of ice]

   Ice:       It enhances your ice magic.
   Slay+6:    It affects your accuracy & damage with ranged weapons and melee
   (+6).
   rF-:       It makes you vulnerable to fire.
   rC+:       It protects you from cold.
   rPois:     It protects you from poison rN++: It greatly protects you from
   negative energy.
   Will-:     It decreases your willpower.
 r - an amulet of guardian spirit
 u - a ring of positive energy (on tentacle)
 K - a ring of protection from cold (on tentacle)
 P - the amulet "Mymuzy" (around mantle) {Reflect +Blink Str+4 SH+5}
   (You bought it in a shop on level 2 of the Orcish Mines)

   [amulet of reflection]

   Reflect:   It reflects blocked missile attacks.
   Str+4:     It affects your strength (+4).
   +Blink:    It lets you blink.
   SH+5:      It affects your SH (+5).
 Q - a ring of magical power (on tentacle)
 R - a ring of protection from cold (on tentacle)
 S - a ring of ice
Wands
 k - a wand of digging (5)
 m - a wand of charming (3)
 t - a wand of polymorph (18)
 y - a wand of mindburst (25)
 A - a wand of flame (71)
 G - a wand of roots (1)
 O - a wand of quicksilver (4)
Scrolls
 j - 6 scrolls of teleportation
 l - 3 scrolls of poison
 n - 6 scrolls of immolation
 p - a scroll of vulnerability
 s - 2 scrolls of noise
 B - 4 scrolls of revelation
 F - 8 scrolls of identify
 J - 2 scrolls of silence
 T - a scroll of enchant armour
Potions
 a - a potion of magic
 b - a potion of mutation
 h - 4 potions of brilliance
 z - a potion of cancellation
 I - 5 potions of enlightenment
 M - a potion of resistance
 N - 2 potions of haste
 U - 2 potions of might
Miscellaneous
 H - a condenser vane (inert)


   Skills:
 + Level 5.1 Fighting
 - Level 10.0 Dodging
 - Level 6.3 Stealth
 - Level 9.0 Shields
 + Level 12.6 Spellcasting
 + Level 12.9 Conjurations
 + Level 7.9 Summonings
 - Level 3.0 Transmutations
 * Level 11.1 Fire Magic
 - Level 5.4 Ice Magic
 * Level 7.7 Air Magic
 + Level 10.6 Invocations
 * Level 5.4 Evocations


You had 5 spell levels left.
You knew the following spells:

 Your Spells              Type           Power      Damage    Failure   Level
a - Foxfire               Conj/Fire      100%       2x1d9     1%          1
b - Scorch                Fire           100%       2d9       1%          2
c - Inner Flame           Hex/Fire       42%        N/A       1%          3
d - Starburst             Conj/Fire      32%        6d10      5%          6
e - Summon Small Mammal   Summ           100%       N/A       1%          1
f - Arcjolt               Conj/Air       30%        1d40      1%          5
g - Iskenderun's Mystic   Conj/Tloc      46%        2d10      3%          4
h - Plasma Beam           Fire/Air       28%        2x1d41    16%         6
i - Irradiate             Conj/Tmut      26%        3d20      5%          5
j - Mephitic Cloud        Conj/Pois/Air  64%        N/A       1%          3

Your spell library contained the following spells:

 Spells                   Type           Power      Damage    Failure   Level
 Poisonous Vapours        Pois/Air       100%       N/A       1%          2
 Volatile Blastmotes      Fire/Tloc      84%        2d17      1%          3
 Flame Wave               Conj/Fire      65%        2d15      1%          4
 Sticky Flame             Conj/Fire      65%        2d8       1%          4
 Fireball                 Conj/Fire      32%        3d14      1%          5
 Iskenderun's Battlesphe  Conj           67%        2d12      1%          5
 Cigotuvi's Dreadful Rot  Necr/Pois/Air  82%        N/A       2%          2
 Wereblood                Tmut           29%        N/A       2%          2
 Ignite Poison            Fire/Tmut/Pois 54%        N/A       2%          3
 Fulminant Prism          Conj/Hex       23%        3d12      3%          4
 Freezing Cloud           Conj/Ice/Air   27%        6-21      4%          5
 Apportation              Tloc           30%        N/A       5%          1
 Necrotise                Necr           60%        1d7       5%          1
 Vhi's Electric Charge    Tloc/Air       66%        N/A       11%         4
 Vampiric Draining        Necr           15%        2d7       16%         3
 Animate Dead             Necr           15%        N/A       45%         4
 Yara's Violent Unravell  Hex/Tmut       11%        3d6       61%         5
 Borgnjor's Vile Clutch   Necr/Erth      7%         N/A       82%         5
 Conjure Ball Lightning   Conj/Air       30%        3x3d10    11%         6
 Orb of Destruction       Conj           33%        9d10      22%         7
 Enfeeble                 Hex            7%         N/A       100%        7
 Haunt                    Necr/Summ      17%        N/A       100%        7
 Malign Gateway           Summ/Tloc      17%        N/A       100%        7
 Infestation              Necr           7%         N/A       100%        8
 Summon Horrible Things   Summ           26%        N/A       100%        8


Dungeon Overview and Level Annotations

Branches:
Dungeon (13/15)            Temple (1/1) D:6            Lair (5/5) D:10
  Swamp (1/4) Lair:3        Snake (3/4) Lair:3        Slime (1/5) Lair:5
    Orc (2/2) D:10            Elf (1/3) Orc:2
 Vaults: D:13-14

Altars:
Ashenzari
Cheibriados
Dithmenos
Elyvilon
Fedhas
Gozag
Hepliaklqana
Kikubaaqudgha
Makhleb
Nemelex Xobeh
Okawaru
Qazlal
Ru
Sif Muna
Trog
Uskayaw
Vehumet
Wu Jian
Xom
Yredelemnul
Zin
The Shining One

Shops:
D:13 !*   Orc:1 [   Orc:2 [(=*   Snake:3 ([*

Annotations:
D:3 1 runed translucent door, Crazy Yiuf
D:9 2 transporters
Snake:3 Asterion


Innate Abilities, Weirdness & Mutations

You cannot wear most types of armour.
You are amphibious.
You can wear up to eight rings at the same time.
Your skin changes colour to match your surroundings (Stealth+).
Your rubbery body absorbs attacks. (AC +1, EV +1)
((You are camouflaged when in or above water. (Stealth+)))
You have tentacles for arms and can constrict up to eight enemies at once.
You are partially covered in large bone plates. (SH +4)
You are frail. (-10% HP)


Message History

Casting: Starburst (dangerous; 5% risk of failure)
Confirm with . or Enter, or press ? or * to list all spells.
Casting: Starburst (dangerous; 5% risk of failure)
Press: ? - help, Dir - look around, f - activate You miscast Starburst.
You are very lightly contaminated with residual magic.
Nothing appears to happen.
The naga sharpshooter mumbles some strange words.
The naga sharpshooter magically shoots a bolt.
The bolt hits you!!
* * * LOW HITPOINT WARNING * * *
Unknown command.
Casting: Starburst (dangerous; 5% risk of failure)
Confirm with . or Enter, or press ? or * to list all spells.
Okay, then.
Unknown command.
Unknown command.
Okay, then.
Aiming: Quicksilver Bolt
Press: ? - help, Shift-Dir - straight line
Okay, then.
Unknown command.
Unknown command.
You feel much better.
The naga sharpshooter spits poison at you.
The splash of poison hits you. You resist.
Casting: Starburst (dangerous; 5% risk of failure)
Confirm with . or Enter, or press ? or * to list all spells.
Casting: Starburst (dangerous; 5% risk of failure)
Press: ? - help, Dir - look around, f - activate The bolt of fire hits the naga sharpshooter!!!
You kill the naga sharpshooter!
Sif Muna accepts your kill.
The bolt of fire hits Asterion!!
Asterion is severely wounded.
Asterion seems less confused.
Asterion conjures a destructive force in the name of Makhleb!
The orb of electricity explodes!
The orb of electricity engulfs you!!!
You die...
Asterion bellows, "I am king!
All will kneel!"

### #..<
#...H####
#....).@##
###.###..##
#....#..#####
......##.#...###
...... #.....#.#
. ...###
###...#.#######.
##.
###..........# #
##..........
#..........


You could see Asterion.

Vanquished Creatures
  Mara (Snake:3)
  Saint Roka (Orc:2)
  A thorn hunter (Swamp:1)
  Aizul (Snake:3)
  3 nagarajas (Snake:2)
  Donald (Snake:3)
  An orc warlord (Orc:2)
  2 eleionomae (Swamp:1)
  A bunyip (Swamp:1)
  The ghost of Zigma the Grappler, a journeyman DrSh of Yredelemnul (D:11)
  Fannar (Orc:1)
  2 jiangshi (D:13)
  3 catoblepae (Lair:5)
  A rakshasa (D:13)
  A centaur warrior (D:13)
  2 alligators (Swamp:1)
  A salamander tyrant (Snake:1)
  4 anacondas
  A dancing weapon (Orc:2)
  9 two-headed ogres
  3 boulder beetles
  10 naga warriors
  12 death yaks
  An orc high priest (Orc:2)
  A shock serpent (Snake:2)
  11 naga sharpshooters
  Sonja (Orc:1)
  A salamander mystic (Snake:2)
  A skyshark (Lair:3)
  2 bog bodies (Swamp:1)
  A naga ritualist (Snake:3)
  A swamp dragon (Swamp:1)
  A phantasmal warrior (D:12)
  4 orc sorcerers (Orc:2)
  A deep elf pyromancer (Elf:1)
  3 mana vipers
  6 orc knights
  3 manticores
  2 oklob plants (Lair:5)
  3 cyclopes
  2 will-o-the-wisps (Swamp:1)
  14 salamanders
  2 elephants
  4 guardian serpents
  28 black mambas
  A gargoyle (D:12)
  11 naga magi
  4 torpor snails (Lair:4)
  17 cane toads
  6 rime drakes
  A kobold demonologist (D:11)
  11 komodo dragons
  4 trolls
  3 polar bears
  3 tyrant leeches
  2 hornets
  8 blink frogs
  4 dream sheep (Lair:5)
  5 wraiths
  50 yaks
  2 shadows
  2 vampires
  11 wyverns
  4 basilisks
  A vampire mosquito (D:12)
  3 wargs
  3 steam dragons
  Menkaure (D:4)
  30 nagas
  16 water moccasins
  7 swamp worms
  2 acid dragons
  3 sky beasts (D:7)
  2 black bears
  25 orc warriors
  4 ice beasts
  10 ogres
  17 wolves
  14 centaurs
  2 phantoms (D:10)
  3 kobold brigands
  17 bullfrogs
  3 gnoll sergeants
  3 scorpions
  2 troll zombies (D:10)
  4 killer bees (D:6)
  10 howler monkeys
  7 electric eels
  3 hounds
  3 jellies
  17 orc priests
  3 sleepcaps
  Natasha (D:4)
  3 iguanas
  15 orc wizards
  4 ogre zombies (D:10)
  Robin (D:3)
  8 gnolls
  9 adders
  A shadow imp (D:7)
  A white imp (D:5)
  An ufetubus (D:3)
  2 worms
  6 dart slugs
  63 orcs
  3 ball pythons
  3 bats
  5 endoplasms
  3 giant cockroaches
  12 hobgoblins
  4 jackals (D:1)
  4 quokkas
  2 frilled lizards
  12 goblins
  A goblin skeleton (D:10)
  A goblin zombie (D:10)
  A hobgoblin skeleton (D:10)
  3 hobgoblin zombies (D:10)
  13 kobolds
  2 orc skeletons (D:10)
  11 orc zombies (D:10)
  6 rats
  2 butterflies (Lair:4)
  2 foxfires
725 creatures vanquished.

Vanquished Creatures (collateral kills)
  A shadow dragon (D:12)
  A two-headed ogre (D:12)
  A bloated husk (Swamp:1)
  27 foxfires
30 creatures vanquished.

Vanquished Creatures (others)
  A nagaraja (Snake:2)
  A manticore (D:12)
  A naga (Snake:2)
  1840 foxfires
1843 creatures vanquished.

Grand Total: 2598 creatures vanquished

Notes
Turn   | Place    | Note
-------+----------+-------------------------------------------
     0 | D:1      | Conn the Octopode Fire Elementalist began the quest for the
                  | Orb.
     0 | D:1      | Reached XP level 1. HP: 11/11 MP: 3/3
   129 | D:1      | Reached XP level 2. HP: 17/17 MP: 0/5
   136 | D:1      | Learned a level 2 spell: Scorch
   444 | D:1      | Reached XP level 3. HP: 21/21 MP: 2/6
   448 | D:1      | Learned a level 3 spell: Inner Flame
  1244 | D:2      | Reached XP level 4. HP: 27/27 MP: 2/7
  1885 | D:3      | Noticed Robin
  1901 | D:3      | Found a shimmering altar of Xom.
  1901 | D:3      | Found a burning altar of Makhleb.
  1901 | D:3      | Found a blossoming altar of Fedhas.
  2031 | D:4      | Reached XP level 5. HP: 31/31 MP: 0/9
  2186 | D:4      | Noticed an ogre
  2191 | D:4      | Killed an ogre
  2200 | D:4      | Identified the +1 leather armour of Instinct {*Slow Str+3
                  | Int+8 Stlth+}
  2268 | D:4      | Reached XP level 6. HP: 36/36 MP: 7/10
  2348 | D:3      | Killed Robin
  2756 | D:3      | Found a runed translucent door.
  2757 | D:3      | Noticed Crazy Yiuf
  2768 | D:3      | Learned a level 4 spell: Flame Wave
  3069 | D:4      | Noticed Menkaure
  3073 | D:4      | Killed Menkaure
  3074 | D:4      | Reached skill level 5 in Stealth
  3175 | D:4      | Noticed Natasha
  3179 | D:4      | Killed Natasha
  3233 | D:4      | Found an opulent altar of Gozag.
  3236 | D:4      | Learned a level 1 spell: Summon Small Mammal
  3252 | D:4      | Reached XP level 7. HP: 13/41 MP: 0/12
  3449 | D:5      | Entered Level 5 of the Dungeon
  3773 | D:5      | Reached skill level 5 in Fire Magic
  3773 | D:5      | Reached XP level 8. HP: 37/46 MP: 2/14
  4010 | D:5      | Reached skill level 1 in Shields
  4447 | D:6      | Noticed a hornet
  4460 | D:6      | Killed a hornet
  4659 | D:6      | Reached skill level 5 in Conjurations
  4660 | D:6      | Reached skill level 5 in Spellcasting
  4804 | D:6      | Noticed a yak
  4805 | D:6      | Noticed a yak
  4806 | D:6      | Noticed a yak
  4806 | D:6      | Noticed a yak
  4807 | D:6      | Noticed a yak
  4808 | D:6      | Noticed a yak
  4822 | D:6      | Killed a yak
  4823 | D:6      | Reached skill level 5 in Dodging
  4823 | D:6      | Reached XP level 9. HP: 40/51 MP: 6/16
  5690 | D:6      | Found a staircase to the Ecumenical Temple.
  5720 | Temple   | Entered the Ecumenical Temple
  5735 | Temple   | Became a worshipper of Sif Muna the Loreminder
  5856 | D:7      | Reached skill level 5 in Shields
  5856 | D:7      | Reached XP level 10. HP: 41/56 MP: 3/19
  6477 | D:7      | Found a sacrificial altar of Ru.
  6746 | D:7      | Found a white marble altar of Elyvilon.
  6902 | D:8      | Reached * piety under Sif Muna
  7531 | D:8      | Found an iron altar of Okawaru.
  8289 | D:9      | Noticed a wizard
  8293 | D:9      | Noticed a centaur warrior
  8294 | D:9      | Found a transporter.
  8299 | D:9      | Reached skill level 1 in Summonings
  8299 | D:9      | Noticed a deep elf pyromancer
  8304 | D:9      | Noticed a wizard
  8306 | D:9      | Noticed a two-headed ogre
  8327 | D:9      | Noticed a harpy
  8366 | D:9      | Found a basalt altar of Yredelemnul.
  8368 | D:9      | Noticed a profane servitor
  8581 | D:9      | Found a transporter.
  8582 | D:9      | Identified the staff "Cownuo" {Int+2 Conj}
  8582 | D:9      | Identified the amulet "Margheoh" {RegenMP SInv}
  8698 | D:9      | Found a glowing golden altar of the Shining One.
  8701 | D:9      | Noticed an angel
  8888 | D:9      | Identified the +5 trident of the Rescuing Coward {heavy,
                  | Str+6}
  8924 | D:9      | Noticed a two-headed ogre
  8932 | D:9      | Killed a two-headed ogre
  8933 | D:9      | Reached XP level 11. HP: 61/61 MP: 9/22
  9327 | D:10     | Entered Level 10 of the Dungeon
  9371 | D:10     | Noticed a two-headed ogre
  9381 | D:10     | Killed a two-headed ogre
  9382 | D:10     | Reached skill level 1 in Invocations
  9519 | D:10     | Found a staircase to the Lair.
  9568 | D:10     | Reached ** piety under Sif Muna
 10436 | D:10     | Found a staircase to the Orcish Mines.
 11620 | D:11     | Noticed a cyclops
 11632 | D:11     | Killed a cyclops
 12052 | D:12     | Identified the +3 flail of Abomination {heavy, Int+4 Dex+5}
 12062 | D:12     | Learned a level 5 spell: Arcjolt
 12065 | D:12     | Noticed a manticore
 12072 | D:12     | Killed a manticore
 12085 | D:12     | Noticed a two-headed ogre
 12125 | D:11     | Noticed a cyclops
 12133 | D:11     | Killed a cyclops
 12134 | D:11     | Reached skill level 1 in Air Magic
 12216 | D:11     | Learned a level 5 spell: Freezing Cloud
 12409 | D:11     | Found a runed translucent gate.
 12410 | D:11     | Found a runed translucent gate.
 12411 | D:11     | Noticed Zigma's ghost (journeyman DrSh)
 12412 | D:11     | Found a runed translucent gate.
 12511 | D:11     | Killed Zigma's ghost
 12922 | D:11     | Identified the +1 leather armour of Eternal Night {rF-
                  | Str+7}
 13062 | Lair:1   | Entered Level 1 of the Lair of Beasts
 13065 | Lair:1   | Reached *** piety under Sif Muna
 13106 | Lair:1   | Reached XP level 12. HP: 66/66 MP: 16/24
 13130 | Lair:1   | Reached skill level 1 in Ice Magic
 14025 | Lair:1   | HP: 3/66 [poisoned by a cane toad]
 14495 | Lair:2   | Noticed a boulder beetle
 14535 | Lair:2   | Killed a boulder beetle
 14692 | Lair:2   | Reached skill level 5 in Invocations
 14989 | Lair:2   | Reached skill level 10 in Conjurations
 15234 | Lair:2   | Reached **** piety under Sif Muna
 15845 | Lair:3   | Reached XP level 13. HP: 71/71 MP: 17/26
 16390 | Lair:3   | Learned a level 6 spell: Plasma Beam
 16437 | Lair:3   | Found a staircase to the Snake Pit.
 16556 | Lair:3   | Found a staircase to the Swamp.
 16564 | Lair:3   | Reached skill level 5 in Air Magic
 17923 | Lair:4   | Reached skill level 5 in Summonings
 18068 | Lair:4   | Reached skill level 10 in Spellcasting
 19615 | Lair:5   | Entered Level 5 of the Lair of Beasts
 20361 | Lair:5   | Reached XP level 14. HP: 76/76 MP: 20/28
 20525 | Lair:5   | Found a staircase to the Slime Pits.
 20946 | Lair:5   | Learned a level 5 spell: Irradiate
 21033 | Lair:5   | Gained mutation: You are clumsy. (Dex -2) [mutagenic glow]
 21549 | Lair:5   | Reached skill level 1 in Transmutations
 21749 | Lair:5   | Reached ***** piety under Sif Muna
 21762 | Lair:5   | Received a gift from Sif Muna
 21769 | Lair:5   | Got Sif Muna's Spellbook of the Unholy Tropics {god gift}
 22506 | Lair:5   | HP: 3/76 [cloud of flame (26)]
 22750 | Lair:5   | Identified the staff of the Briny Deep {rPois rF+ rCorr
                  | Int-5 Stlth+ Poison}
 22928 | Orc:1    | Entered Level 1 of the Orcish Mines
 23296 | D:12     | Noticed a shadow dragon
 23926 | D:12     | Learned a level 4 spell: Iskenderun's Mystic Blast
 23960 | D:12     | Killed a shadow dragon
 23961 | D:12     | Reached skill level 1 in Fighting
 24474 | D:12     | Identified the +3 shortbow of Geskag Setz {freeze, rPois
                  | Will++ Dex-2}
 25125 | D:13     | Found Waig's Distillery.
 25130 | D:13     | Bought a potion of resistance for 110 gold pieces
 25130 | D:13     | Bought a potion of lignification for 33 gold pieces
 25130 | D:13     | Bought a potion of invisibility for 88 gold pieces
 25130 | D:13     | Lost mutation: You are clumsy. (Dex -2) [potion of
                  | mutation]
 25130 | D:13     | Gained mutation: You are partially covered in large bone
                  | plates. (SH +4) [potion of mutation]
 25130 | D:13     | Gained mutation: You are frail. (-10% HP) [potion of
                  | mutation]
 25141 | D:13     | Found Viuschomi's Assorted Antiques.
 25148 | D:13     | Bought a steaming sling for 266 gold pieces
 25148 | D:13     | Identified the +6 sling "Itivukun" {freeze, rPois rN+
                  | Dex+2} (You bought it in a shop on level 13 of the Dungeon)
 25191 | D:13     | Reached skill level 5 in Ice Magic
 25891 | D:13     | Reached XP level 15. HP: 75/75 MP: 18/30
 26536 | D:13     | Learned a level 3 spell: Mephitic Cloud
 27433 | Orc:1    | Found Utaurruc's Antique Armour Boutique.
 27567 | Orc:1    | Noticed Fannar
 27574 | Orc:1    | Killed Fannar
 27585 | Orc:1    | Noticed Sonja
 27790 | Orc:1    | Killed Sonja
 28122 | Orc:2    | Entered Level 2 of the Orcish Mines
 28160 | Orc:2    | Noticed an orc warlord
 28194 | Orc:2    | Killed an orc warlord
 28740 | Orc:2    | Found a staircase to the Elven Halls.
 29356 | Orc:2    | Noticed Saint Roka
 29984 | Orc:2    | Killed Saint Roka
 30338 | Orc:2    | Found Jumpath's Antique Weapon Shop.
 30363 | Orc:2    | Found Qiuv's General Store.
 30369 | Orc:2    | Bought a potion of heal wounds for 85 gold pieces
 30378 | Orc:2    | Found Yqovam's Jewellery Shop.
 30385 | Orc:2    | Bought the ring "Kioklym" {Ice rPois rN++ Will- Slay+6} for
                  | 812 gold pieces
 30394 | Orc:2    | Found Balimyadd's Antique Armour Shop.
 30586 | Elf:1    | Entered Level 1 of the Elven Halls
 30644 | Orc:2    | Upgraded the game from 0.31-a0-667-g39726597b9 to
                  | 0.31-a0-675-g238779eb0a
 30899 | Swamp:1  | Entered Level 1 of the Swamp
 30948 | Swamp:1  | Noticed a thorn hunter
 30955 | Swamp:1  | Killed a thorn hunter
 31114 | Lair:3   | Learned a level 6 spell: Starburst
 32048 | Orc:2    | Bought the amulet "Mymuzy" {Reflect +Blink Str+4 SH+5} for
                  | 628 gold pieces
 32229 | Slime:1  | Entered Level 1 of the Pits of Slime
 32229 | Slime:1  | Noticed an acid blob
 32304 | Snake:1  | Entered Level 1 of the Snake Pit
 32310 | Snake:1  | Reached skill level 10 in Fire Magic
 32675 | Snake:1  | Reached skill level 1 in Evocations
 33116 | Snake:1  | Reached XP level 16. HP: 84/84 MP: 14/31
 33177 | Snake:1  | Reached skill level 10 in Invocations
 35540 | Snake:2  | Reached skill level 10 in Dodging
 35935 | Snake:2  | Noticed a nagaraja
 35943 | Snake:2  | Killed a nagaraja
 36961 | Snake:2  | Noticed a nagaraja
 36970 | Snake:2  | Killed a nagaraja
 37101 | Snake:2  | Noticed a nagaraja
 37123 | Snake:2  | Killed a nagaraja
 37607 | Snake:2  | Noticed a nagaraja
 37616 | Snake:2  | Killed a nagaraja
 38313 | Snake:3  | Found Eqantoja's General Store.
 38399 | Snake:3  | Noticed Aizul
 38411 | Snake:3  | Killed Aizul
 38538 | Snake:3  | Noticed Mara
 38567 | Snake:3  | Killed Mara
 38616 | Snake:3  | Noticed Donald
 38996 | Snake:3  | Reached skill level 5 in Evocations
 39434 | Snake:3  | Found Irgheuta's Armour Emporium.
 39437 | Snake:3  | Found Purutz's Weapon Shoppe.
 39494 | Snake:3  | Killed Donald
 39495 | Snake:3  | Reached skill level 5 in Fighting
 39495 | Snake:3  | Reached XP level 17. HP: 84/92 MP: 15/33
 40195 | Snake:3  | Noticed Asterion
 40207 | Snake:3  | Killed from afar by Asterion

Illustrated notes

Levels and vault maps discovered:
D:1:      scummos_arrival_star, layout_basic, serial_corexii_hall,
          chequers_hall_statues_corner_a, corexii_hall_statues_t
D:2:      layout_loops_ring
D:3:      minmay_wonky_spiral, layout_rooms,
          chequers_temple_overflow_statue_of_worship, uniq_robin,
          uniq_crazy_yiuf_cottage
D:4:      layout_rooms, mainiacjoe_overflow_small_starburst, uniq_natasha,
          uniq_menkaure
D:5:      layout_basic
D:6:      layout_rooms, minmay_temple_entry_antechambers
D:7:      layout_rooms, nicolae_ru_path_of_blood, nicolae_elyvilon_temple_path,
          minmay_diced_spiral
D:8:      layout_loops_corners, nicolae_overflow_hidden_temple, kennysheep_dice
D:9:      gammafunk_sealed_arena, layout_irregular_city,
          grunt_temple_overflow_holy_war
D:10:     layout_layer_cave, lair_entry_dummy, zombieorc1_lemuel
D:11:     cheibrodos_elevator_heist, layout_loops_ring,
          biasface_ghost_orc_armoury, minivault_23
D:12:     nzn_winding_woodlands_medium [nzn_winding_woodlands_5x5_perimeter,
          nzn_winding_woodlands_5x15_jagged, nzn_winding_woodlands_5x5_cross,
          nzn_winding_woodlands_5x5_open_star,
          nzn_winding_woodlands_center_lodge,
          nzn_winding_woodlands_5x5_checkerboard,
          nzn_winding_woodlands_5x5_three,
          nzn_winding_woodlands_5x15_lazy_stream,
          nzn_winding_woodlands_5x5_closed_star], layout_cave_pods,
          serial_column_ruins, column_ruins_hut, column_ruins_columns_straight,
          column_ruins_open_tiny, column_ruins_columns_corner,
          column_ruins_open_small
D:13:     layout_gridville, serial_shops, shop, nicolae_shop_crystal,
          nicolae_nh_vlads_tower
Temple:   nicolae_temple_bog_church
Lair:1:   layout_gridlike, wad_woods_road_02, lemuel_fruit_fields,
          grunt_megastairs_2, infiniplex_staircase_pool
Lair:2:   layout_small_grid, nicolae_quartered_pool_super, serial_bayou_pond_d,
          lemuel_fruit_tree
Lair:3:   layout_chaotic_city, minmay_swamp_entry_worms,
          guppyfry_snake_entry_island, grunt_megastairs_5
Lair:4:   layout_gridlike, portal_ice_cave_rime, minmay_shattered_shrine,
          serial_bayou_shore_a, lemuel_fruit_fields, serial_bayou_shore_b
Lair:5:   evilmike_catoblepas_cave, layout_cave_pods,
          minmay_slime_entry_oklob_open, st_stairs_13,
          grunt_forest_small_clearing_treed, serial_bayou_shore_b
Swamp:1:  layout_falls_marsh, nicolae_swamp_tree_designs, swamp_pool1
Snake:1:  layout_onion_interference
Snake:2:  nicolae_cobra_stairs, layout_chambers, grunt_megastairs_4
Snake:3:  layout_misc_corridors, serial_shops, shop, minmay_shop_star,
          uniq_donald, uniq_mara, uniq_aizul, uniq_asterion
Slime:1:  cheibrodos_slime_lost_civilization_2, layout_caves
Orc:1:    layout_caves, serial_shops, nicolae_shop_peninsula, mines1_david,
          uniq_sonja, uniq_fannar
Orc:2:    grunt_orc_cross, layout_diamond_mine, basic_altar
Elf:1:    eino_elf_arrival_shootout, layout_loops_cross, serial_shops,
          nicolae_shop_tiny_statue_garden, minmay_elf_sorcery,
          nicolae_elf_glass_and_crystal_pillar_2, uniq_azrael

Skill      XL: |  1  2  3  4  5  6  7  8  9 10 11 12 13 14 15 16 |
---------------+-------------------------------------------------+-----
Stealth        | 3 4 5 6 |  6.3
Conjurations   | 2 3 5 6 8 9 10 11 12 | 12.9
Dodging        | 3 4 5 6 7 8 9 10 | 10.0
Spellcasting   | 3 4 5 6 7 8 9 10 11 12 | 12.6
Fire Magic     | 4 5 6 7 8 9 10 11 | 11.1
Shields        | 3 5 6 7 8 9 |  9.0
Summonings     | 1 3 4 5 6 7 |  7.9
Invocations    | 3 5 7 9 10 | 10.6
Air Magic      | 1 4 5 6 7 |  7.7
Ice Magic      | 2 4 5 |  5.4
Transmutations | 2 3 |  3.0
Fighting       | 1 3 5 |  5.1
Evocations     | 1 5 |  5.4

Action                     |  1- 3 |  4- 6 |  7- 9 | 10-12 | 13-15 | 16-18 || total
---------------------------+-------+-------+-------+-------+-------+-------++-------
  Melee: Tentacles         |     2 |     6 |    11 |    13 |     4 |     6 ||    42
         Unarmed           |     1 |       |       |       |       |       ||     1
         Short sword       |    20 |    29 |    54 |    24 |       |       ||   127
         Constrict         |     5 |     7 |    11 |     4 |     4 |     3 ||    34
         Punch             |     1 |     1 |       |       |       |       ||     2
         Trident           |       |       |       |    19 |       |       ||    19
         Flail             |       |       |       |    10 |    12 |       ||    22
         Staff             |       |       |       |       |     8 |    21 ||    29
  Throw: Dart              |       |       |       |       |    11 |     8 ||    19
   Cast: Foxfire           |    42 |    75 |    52 |   340 |   455 |    86 ||  1050
         Scorch            |     1 |     5 |    29 |   124 |   237 |    14 ||   410
         Inner Flame       |       |     1 |     3 |    19 |    39 |    25 ||    87
         Flame Wave        |       |       |     8 |    41 |    72 |       ||   121
         Summon Small Mamm |       |       |     9 |    21 |    37 |    11 ||    78
         Arcjolt           |       |       |       |     1 |    19 |    29 ||    49
         Freezing Cloud    |       |       |       |     1 |     3 |       ||     4
         Iskenderun's Myst |       |       |       |       |    49 |    24 ||    73
         Irradiate         |       |       |       |       |    17 |    12 ||    29
         Mephitic Cloud    |       |       |       |       |    40 |    22 ||    62
         Starburst         |       |       |       |       |    30 |   120 ||   150
         Plasma Beam       |       |       |       |       |     5 |    19 ||    24
 Invoke: Channel Magic     |       |       |       |     6 |    15 |    11 ||    32
         Divine Exegesis   |       |       |       |       |     2 |       ||     2
         Forget Spell      |       |       |       |       |     1 |       ||     1
  Evoke: Wand              |       |       |       |     4 |     5 |     1 ||    10
         Condenser vane    |       |       |       |       |     1 |     1 ||     2
    Use: Scroll            |       |     8 |     6 |    10 |    13 |     1 ||    38
         Potion            |       |     2 |     3 |     4 |    17 |     4 ||    30
   Stab: Sleeping          |     3 |     5 |     8 |       |     1 |       ||    17
         Confused          |       |       |       |       |     2 |     1 ||     3
 Armour: Skin              |    15 |    11 |    40 |   109 |   161 |    64 ||   400
  Dodge: Dodged            |    14 |    20 |    42 |    67 |   111 |    65 ||   319
  Block: Other             |       |       |    13 |     6 |       |       ||    19
         Reflection        |       |       |     1 |     7 |    24 |    34 ||    66
         Buckler           |       |       |       |   116 |   204 |   137 ||   457

Table legend: (Time is in decaauts)
 A = Elapsed time spent in this place.
 B = Non-inter-level travel time spent in this place.
 C = Inter-level travel time spent in this place.
 D = Time resting spent in this place.
 E = Time spent auto-exploring this place.
 F = Levels seen in this place.
 G = Mean time per level.
                   A        B        C        D        E       F      G
               +--------+--------+--------+--------+--------+-----+--------+
         Total |  40252 |  38799 |   1453 |   6067 |  24305 |  27 | 1490.8 |
       Dungeon |  17481 |  16898 |    583 |   1920 |  11182 |  13 | 1344.7 |
        Temple |     29 |     15 |     14 |      0 |      0 |   1 |   29.0 |
          Lair |  10553 |   9926 |    627 |   1980 |   6034 |   5 | 2110.6 |
         Swamp |    711 |    693 |     18 |     29 |    503 |   1 |  711.0 |
     Snake Pit |   7914 |   7851 |     63 |   1561 |   4789 |   3 | 2638.0 |
    Slime Pits |      1 |      1 |      0 |      0 |      0 |   1 |    1.0 |
  Orcish Mines |   3553 |   3408 |    145 |    577 |   1797 |   2 | 1776.5 |
   Elven Halls |      7 |      7 |      0 |      0 |      0 |   1 |    7.0 |
               +--------+--------+--------+--------+--------+-----+--------+

Top non-repeatable levels by time:
 Snake:2: 4098 daAuts
  Lair:5: 3169 daAuts
 Snake:1: 2890 daAuts
   Orc:2: 2625 daAuts
    D:10: 2438 daAuts
  Lair:4: 2322 daAuts
    D:13: 2155 daAuts
    D:12: 2152 daAuts
  Lair:3: 1875 daAuts
  Lair:2: 1651 daAuts
  Lair:1: 1535 daAuts
    D:11: 1473 daAuts
     D:6: 1436 daAuts
     D:8: 1412 daAuts
     D:5: 1217 daAuts
